 Dungeon Crawl Stone Soup version 0.16.2-2-g470672f (webtiles) character file.

45 FruitAndGarbage the Magician (level 3, 0/20 HPs)
             Began as a Deep Elf Air Elementalist on Aug 25, 2015.
             Succumbed to an adder's poison
             ... on level 2 of the Dungeon.
             The game lasted 00:07:03 (1884 turns).

FruitAndGarbage the Magician (DEAE)                 Turns: 1884, Time: 00:07:03

Health: 0/20       AC:  2    Str:  5    XL:     3   Next: 42%
Magic:  4/11       EV: 13    Int: 20    God:
Gold:   20         SH:  0    Dex: 15    Spells: 4 memorised, 1 level left

rFire  . . .     SeeInvis .     l - +0 dagger (freeze)
rCold  . . .     Clarity  .     a - +0 robe
rNeg   . . .     SustAb   .     (no shield)
rPois  .         Gourm    .     (no helmet)
rElec  .         Spirit   .     (no cloak)
rCorr  .         Warding  .     (no gloves)
rMut   .         Stasis   .     (no boots)
MR     .....                    (no amulet)
Stlth  +++.......               h - ring of stealth
                                g - ring of teleport control

@: lethally poisoned (0 -> -4), very slightly contaminated, hasted, repel
missiles, very quick, not resistant to hostile enchantments, fairly stealthy
A: no striking features
a: Evoke Teleport Control


You were on level 2 of the Dungeon.
You were not hungry.

You visited 1 branch of the dungeon, and saw 2 of its levels.

You collected 20 gold pieces.

Inventory:

Hand weapons
 l - a +0 dagger of freezing (weapon)
Armour
 a - a +0 robe (worn)
Jewellery
 d - an uncursed ring of ice
 g - a ring of teleport control (left hand)
 h - a ring of stealth (right hand)
Scrolls
 n - a scroll of blinking
Books
 b - a book of Air

   Spells                             Type                      Level
   a - Shock                          Conjuration/Air              1
   b - Swiftness                      Charms/Air                   2
   c - Repel Missiles                 Charms/Air                   2
   d - Flight                         Charms/Air                   3
   e - Static Discharge               Conjuration/Air              3
   f - Lightning Bolt                 Conjuration/Air              5
Comestibles
 c - 2 bread rations
 k - 5 fruits
 m - a meat ration


   Skills:
 * Level 0.4 Fighting
 * Level 0.8 Armour
 * Level 2.8 Dodging
 + Level 2.5 Stealth
 + Level 3.5 Spellcasting
 * Level 1.7 Conjurations
 * Level 0.4 Charms
 + Level 3.3 Air Magic


You had one spell level left.
You knew the following spells:

 Your Spells              Type           Power        Failure   Level  Hunger
a - Shock                 Conj/Air       ##..         6%          1    None
b - Repel Missiles        Chrm/Air       ##....       12%         2    ##.....
c - Swiftness             Chrm/Air       ##......     12%         2    ##.....
d - Static Discharge      Conj/Air       ##......     17%         3    ###....


Dungeon Overview and Level Annotations

Branches:
Dungeon (2/15)

Altars:

Annotations:
D:2 Terence


Message History

As you read the scroll labeled AFIERA ZEMUGHEGE, it crumbles to dust.
It is a scroll of identify.
Identify which item? (\ to view known items) (? for menu, Esc to quit)
n - a scroll of blinking
* * * LOW HITPOINT WARNING * * *
You feel sick.
There is a lethal amount of poison in your body!
There is a lethal amount of poison in your body!
* * * LOW HITPOINT WARNING * * *
You feel sick.
* * * LOW HITPOINT WARNING * * *
You feel sick.
All of the chunks of flesh in your inventory have rotted away.
* * * LOW HITPOINT WARNING * * *
You feel sick.
* * * LOW HITPOINT WARNING * * *
You feel sick.
* * * LOW HITPOINT WARNING * * *
You feel sick.
You die...

###
#.###########################
#...........@................
#.###########################
#.# #.# #.# #.# ###.# #...#
#...#


There were no monsters in sight!

Vanquished Creatures
  An adder (D:2)
  An ooze (D:1)
  3 giant cockroaches (D:1)
  7 goblins
  7 hobgoblins
  3 kobolds
  2 ball pythons
  2 bats
  4 giant newts
  5 rats
35 creatures vanquished.

Notes
Turn   | Place    | Note
--------------------------------------------------------------
     0 | D:1      | FruitAndGarbage, the Deep Elf Air Elementalist, began the quest for the Orb.
     0 | D:1      | Reached XP level 1. HP: 10/10 MP: 5/5
   342 | D:1      | Reached XP level 2. HP: 15/15 MP: 3/8
   346 | D:1      | Learned a level 2 spell: Repel Missiles
   349 | D:1      | Learned a level 2 spell: Swiftness
  1361 | D:2      | Noticed Terence
  1370 | D:2      | Reached XP level 3. HP: 19/19 MP: 6/11
  1820 | D:2      | Learned a level 3 spell: Static Discharge
  1878 | D:2      | HP: 1/20 [poisoned by an adder]
  1884 | D:2      | Succumbed to an adder's poison

Action                   || total
-------------------------++-------
Melee: Unarmed           ||     5
 Cast: Shock             ||    85
       Repel Missiles    ||     2
       Swiftness         ||     1
       Static Discharge  ||     1
  Use: Scroll            ||     2
       Potion            ||     1
  Eat: Chunk             ||     3
